 Dungeon Crawl Stone Soup version 0.22.1-1-ga44c0e56f4 (webtiles) character file.

47 Morbidden the Chopper (level 3, -4/33 HPs)
             Began as a Deep Dwarf Fighter on Oct 7, 2018.
             Killed by divine providence
             ... invoked by an orc priest
              (11 damage)
             ... on level 2 of the Dungeon.
             The game lasted 00:01:50 (1000 turns).

Morbidden the Chopper (Deep Dwarf Fighter)          Turns: 1000, Time: 00:01:52

Health: -4/33      AC:  6    Str: 23 (25) XL:     3   Next: 48%
Magic:  3/3        EV:  7    Int: 10 (13) God:
Gold:   33         SH:  9    Dex:  9 (12) Spells: 2/2 levels left

rFire    . . .     SeeInvis .   a - +0 war axe
rCold    . . .     Gourm    .   c - +0 shield
rNeg     . . .     Faith    .   b - +0 scale mail
rPois    .         Spirit   .   (no helmet)
rElec    .         Reflect  .   (no cloak)
rCorr    .         Harm     .   (no gloves)
MR       .....                  (no boots)
Stlth    ..........             (no amulet)
HPRegen  0.00/turn              (no ring)
MPRegen  0.08/turn              (no ring)

@: mighty, brilliant, non-regenerating
A: damage resistance, heal wounds, sense surroundings 1, no regeneration
a: Heal Wounds


You were on level 2 of the Dungeon.
You were hungry.

You visited 1 branch of the dungeon, and saw 2 of its levels.

You collected 33 gold pieces.

Inventory:

Hand Weapons
 a - a +0 war axe (weapon)
Missiles
 j - 4 tomahawks (quivered)
Armour
 b - a +0 scale mail (worn)
 c - a +0 shield (worn)
Scrolls
 e - 3 scrolls of teleportation {unknown}
 g - a scroll of immolation {unknown}
 h - 4 scrolls of identify {unknown}
 k - a scroll of magic mapping {unknown}
 l - 2 scrolls of amnesia {unknown}
Comestibles
 f - 4 rations


   Skills:
 - Level 2.6 Fighting
 + Level 4.3 Axes
 - Level 3.2 Armour
 - Level 3.2 Shields


You had 2 spell levels left.
You didn't know any spells.
Your spell library was empty.

Dungeon Overview and Level Annotations

Branches:
Dungeon (2/15)

Altars:


Innate Abilities, Weirdness & Mutations

You are resistant to damage.
You can heal yourself by infusing magical energy.
You passively map a small area around you.
You do not regenerate.


Message History

You block the orc's attack. The orc closely misses you.
You are feeling hungry.
You barely miss the orc. You closely miss the orc. You slash the orc!
You kill the orc!
The orc hits you with a flail.
* * * LOW HITPOINT WARNING * * *
The orc hits you but does no damage. The adder barely misses you.
The orc barely misses you.
You barely miss the orc. You closely miss the adder. You hit the orc.
The adder closely misses you. The orc closely misses you. x2
The adder closely misses you.
Unknown command.
You hit the orc.
The orc is almost dead.
Your shield prevents you from hitting the adder.
You closely miss the orc. You completely miss the orc.
The orc hits you but does no damage.
The orc priest mumbles some strange prayers to Beogh against you.
Beogh smites you!
You die...

######..### ,,
#.....).#.#*, *
#.........# , , ,
###.....###.# * # *,
+....#....#.# ...
####......#.#####...##
*
..........#.#oo.o.....
*
............oo#.......
*
......#.#.#.o@#.≈...≈.
*#####.#.#.##.S#...o...
..#.#.....#.o.o... **
######.###...#...o... ,
#........#...#.o.o.≈. *
#.####.#.#...#....... *
* #.#<..†#.#...#* , ,
#.#.)###.#...# ,
#.#.†....#... *


You could see 2 orc priests, an adder and 3 orcs.

Vanquished Creatures
  2 worms (D:2)
  A dart slug (D:1)
  A leopard gecko (D:1)
  An orc (D:2)
  A ball python (D:1)
  A bat (D:1)
  3 giant cockroaches (D:1)
  A goblin (D:1)
  2 hobgoblins
  8 jackals (D:1)
  2 frilled lizards (D:1)
  8 kobolds (D:1)
  2 rats (D:2)
33 creatures vanquished.

Notes
Turn   | Place    | Note
-------+----------+-------------------------------------------
     0 | D:1      | Morbidden the Deep Dwarf Fighter began the quest for the
                  | Orb.
     0 | D:1      | Reached XP level 1. HP: 20/20 MP: 1/1
   109 | D:1      | Reached skill level 3 in Axes
   109 | D:1      | Reached XP level 2. HP: 22/27 MP: 2/2
   357 | D:1      | Reached XP level 3. HP: 23/33 MP: 3/3
   406 | D:1      | Reached skill level 4 in Axes
  1000 | D:2      | Killed from afar by an orc priest

Skill      XL: |  1  2  3 |
---------------+----------+-----
Axes           | 3 4 |  4.3
Fighting       | |  2.6
Armour         | |  3.2
Shields        | |  3.2

Action                   || total
-------------------------++-------
Melee: War axe           ||    97
Throw: Tomahawk          ||     7
  Use: Potion            ||     3
Armor: Scale mail        ||    42
Dodge: Dodged            ||    33
Block: Shield            ||    62
